 Dungeon Crawl Stone Soup version 0.22.0-38-g04b72b8 (webtiles) character file.

219 Loudmushroom the Chopper (level 5, -1/47 HPs)
             Began as a Hill Orc Fighter on Aug 26, 2018.
             Slain by a black bear (3 damage)
             ... on level 4 of the Dungeon.
             The game lasted 00:12:23 (2620 turns).

Loudmushroom the Chopper (Hill Orc Fighter)         Turns: 2620, Time: 00:12:23

Health: -1/47      AC:  8    Str: 19    XL:     5   Next: 96%
Magic:  5/5        EV:  7    Int:  8    God:
Gold:   163        SH:  9    Dex: 11    Spells: 4/4 levels left

rFire    . . .     SeeInvis .   a - +0 war axe
rCold    . . .     Gourm    .   c - +0 shield
rNeg     . . .     Faith    .   s - +0 scale mail
rPois    .         Spirit   .   q - +0 helmet (curse)
rElec    .         Reflect  .   (no cloak)
rCorr    .         Harm     .   (no gloves)
MR       .....                  (no boots)
Stlth    ..........             (no amulet)
HPRegen  0.15/turn              (no ring)
MPRegen  0.09/turn              (no ring)

@: no status effects
A: no striking features
a: no special abilities


You were on level 4 of the Dungeon.
You were not hungry.

You visited 1 branch of the dungeon, and saw 4 of its levels.

You collected 163 gold pieces.

Inventory:

Hand Weapons
 a - a +0 war axe (weapon)
 b - a +0 hunting sling
 p - a +0 spear of flaming
Missiles
 e - 141 stones
 t - 12 sling bullets
 C - 4 tomahawks (quivered)
Armour
 c - a +0 shield (worn)
 q - a cursed +0 helmet (worn)
 s - a +0 scale mail (worn)
 v - a scarf of cloud immunity
Jewellery
 k - an uncursed ring of fire {unknown}
 l - an uncursed ring of fire {unknown}
 w - an uncursed ring of magical power {unknown}
 y - a cursed ring of attention {unknown}
Scrolls
 i - 2 scrolls of fog {unknown}
 j - 4 scrolls of identify {unknown}
 m - 2 scrolls of remove curse {unknown}
 o - a scroll of noise {unknown}
 r - a scroll of teleportation {unknown}
 x - a scroll of magic mapping {unknown}
 A - a scroll of enchant weapon {unknown}
Potions
 d - a potion of might
 g - a potion of ambrosia {unknown}
 h - a potion of mutation {unknown}
 n - 2 potions of degeneration {unknown}
 u - a potion of lignification {unknown}
 z - 3 potions of heal wounds {unknown}
Comestibles
 f - 6 rations
 B - 10 chunks of flesh


   Skills:
 + Level 4.7 Fighting
 * Level 5.3 Axes
 + Level 4.3 Armour
 + Level 4.3 Shields


You had 4 spell levels left.
You didn't know any spells.
Your spell library was empty.

Dungeon Overview and Level Annotations

Branches:
Dungeon (4/15)
 Temple: D:4-7

Altars:
Ru


Message History

The black bear is moderately wounded.
The black bear bites you but does no damage.
You block the black bear's attack.
The black bear claws you but does no damage.
You barely miss the black bear.
The black bear is moderately wounded.
The black bear bites you.
* * * LOW HITPOINT WARNING * * *
The black bear barely misses you.
The black bear claws you but does no damage.
You hit the black bear but do no damage.
The black bear is moderately wounded.
The black bear bites you.
* * * LOW HITPOINT WARNING * * *
You block the black bear's attack.
The black bear claws you but does no damage.
You hit the black bear but do no damage.
The black bear is moderately wounded.
The black bear barely misses you. The black bear claws you.
You die...

#.# #.# ####+####.#
........))#
..........#
..........#
..........#########
..................####
..........#..†@h......
####....#.#.#####.....
.......#.#.# ...
........#+#.# .
......... ...
......... ...
..[.......... .....


You could see a black bear.

Vanquished Creatures
  2 orc wizards
  Robin (D:2)
  4 gnolls (D:3)
  An adder (D:2)
  An ooze (D:2)
  3 worms
  4 leopard geckos
  5 orcs
  4 bats
  2 giant cockroaches
  18 goblins
  13 hobgoblins
  2 jackals (D:3)
  A quokka (D:2)
  3 ball pythons (D:2)
  7 frilled lizards
  6 kobolds
  7 rats
84 creatures vanquished.

Notes
Turn   | Place    | Note
-------+----------+-------------------------------------------
     0 | D:1      | Loudmushroom the Hill Orc Fighter began the quest for the Orb.
     0 | D:1      | Reached XP level 1. HP: 19/19 MP: 1/1
    96 | D:1      | Reached skill level 3 in Axes
   108 | D:1      | Reached XP level 2. HP: 25/27 MP: 2/2
   568 | D:2      | Noticed Robin
   577 | D:2      | Reached XP level 3. HP: 33/33 MP: 3/3
   618 | D:2      | Killed Robin
   618 | D:2      | Reached skill level 4 in Axes
   618 | D:2      | Reached XP level 4. HP: 23/40 MP: 4/4
  1764 | D:3      | Found a sacrificial altar of Ru.
  1830 | D:3      | Reached XP level 5. HP: 33/47 MP: 5/5
  2044 | D:3      | Reached skill level 5 in Axes
  2602 | D:4      | Noticed a black bear
  2619 | D:4      | HP: 2/47 [black bear (4)]
  2620 | D:4      | Slain by a black bear

Skill      XL: |  1  2  3  4  5 |
---------------+----------------+-----
Axes           | 3 4 5 |  5.3
Fighting       | 4 |  4.7
Armour         | 4 |  4.3
Shields        | 4 |  4.3

Action                   |  1- 3 |  4- 6 || total
-------------------------+-------+-------++-------
Melee: War axe           |    89 |   145 ||   234
  Eat: Chunk             |       |     6 ||     6
Armor: Scale mail        |    44 |    87 ||   131
Dodge: Dodged            |    40 |    47 ||    87
Block: Shield            |    46 |    91 ||   137
